Unix NetHack Version 5.0.0-0 post-release - last build Jun 10 2026 00:39:30 (3ee93aec679c4c4259841fe613dc97188e26a321,branch:main).

Game began 2026-06-13 21:25:39, ended 2026-06-13 21:35:13.

Brudee, chaotic female human Rogue

                                  -------------
                                  |...........|                        ------
      ------                      ............|                        |....|
      |....|      ------          |...........|    -----               |..++|
      |..>..###   |<...|          +...........|    |....#             #-....|
      |....|  ####.....-          |...........| ##%-...|#             #|....|
      -.--.-      |....|          -----------.- #  |...|#             #------
       ##         |....|                     #  #  -----#             ###
       ##         ------                     #  #       #               #
       ##                               ###### ##       #               #
 ------.----##                          #      #        #               ##
 |{.........###############K@####%      #      #        #           #    #
 |........^|                     ###########   #        #-----------|----#
 |>........|                       --------|--##        #-..............-#
 -----------                       |..........#          |..............|
                                   |.........|           |..............|
                                   |.......`.|           |..............|
                                   -----------           ----------------

Brudee the Cutpurse     St:14 Dx:17 Co:14 In:11 Wi:11 Ch:9  Chaotic S:502
Dlvl:4  $:0  HP:0(25) Pw:15(15) AC:7  Xp:3/73 T:1509 

Latest messages:
 You must have been leading a healthy life-style.
 What do you want to eat? [ghis or ?*] ?
 This food really hits the spot!
 Your movements are now unencumbered.
 You finish eating the food ration.
 You hear some noises in the distance.
 The Kop Sergeant hits!
 The Kop Sergeant hits!
 You hit the Kop Sergeant.
 You hit the Kop Sergeant.
 You hit the Kop Sergeant.
 It is hit.
 You kill the Kop Sergeant!
 In what direction? h
 You throw 2 daggers.
 The 1st dagger hits the Kop Sergeant.
 The 2nd dagger hits the Kop Sergeant.
 You kill the Kop Sergeant!
 It is hit.
 w - 2 +0 daggers (at the ready) (8 in total).
 You hear some noises in the distance.
 In what direction? h
 The dagger hits it.
 It is hit.
 It is hit.
 You hear a chugging sound.
 You hear a chugging sound.
 In what direction? h
 The dagger hits it.
 In what direction? h
 You kill it!
 The Kop Lieutenant picks up 2 +0 daggers.
 You hit the Kop Lieutenant.
 The Kop Lieutenant wields 2 +0 daggers!
 In what direction? h
 The dagger hits the Kop Lieutenant.
 The Kop Lieutenant thrusts one of his daggers.
 The Kop Lieutenant hits!
 In what direction? h
 The dagger hits the Kop Lieutenant.
 The Kop Lieutenant thrusts one of his daggers.
 The Kop Lieutenant hits!
 In what direction? h
 The dagger hits the Kop Lieutenant.
 The Kop Lieutenant thrusts one of his daggers.
 The Kop Lieutenant hits!
 You die...
 Kesh comes and takes all your possessions.
 Do you want to see what you had when you died? [ynq] (y) y
 Do you want to see your attributes? [ynq] (y) q

Inventory:
 Weapons  (')')
  t - 10 cursed +0 ya
  b - a +0 dagger (alternate weapon; not wielded)
  w - 2 +0 daggers (at the ready)
  q - a +0 orcish dagger
  a - a corroded +0 short sword (weapon in right hand)
 Armor    ('[')
  r - an uncursed +0 orcish helm
  p - an uncursed +0 cloak of invisibility
  c - an uncursed +1 leather armor (being worn)
 Comestibles  ('%')
  g - 2 uncursed food rations
  s - an uncursed orange
  i - 2 cursed rotten tins of newt meat
  h - 3 uncursed lichen corpses
 Scrolls  ('?')
  u - an uncursed scroll of create monster
  z - a blessed scroll of destroy armor
  E - an uncursed scroll of destroy armor
  F - a cursed scroll of enchant weapon
  D - an uncursed scroll of gold detection
  B - an uncursed scroll of light
  A - an uncursed scroll of teleportation
  C - an uncursed scroll of teleportation
 Spellbooks  ('+')
  H - an uncursed spellbook of identify
 Potions  ('!')
  v - an uncursed potion of hallucination
  l - 3 uncursed potions of healing
  m - an uncursed potion of restore ability
  d - an uncursed potion of sickness
  o - an uncursed potion of sleeping
 Tools    ('(')
  f - an empty uncursed sack
  e - an uncursed lock pick
  j - a cursed tin whistle
 Gems/Stones  ('*')
  k - a cursed amber stone

Brudee the Rogue's attributes:

Background:
 You were a Cutpurse, a level 3 female human Rogue.
 You were chaotic, nominally on a mission for Kos
 who was opposed by Issek (lawful) and Mog (neutral).
 You were right-handed.
 You were in the Dungeons of Doom, on level 4.
 You entered the dungeon 1509 turns ago.
 You had 73 experience points, 7 more were needed to attain level 4.
 Your score was 502 before end-of-game adjustments.

Basics:
 You had 0 out of 25 hit points.
 You had all 15 energy points (spell power).
 Your armor class was 7.
 Your wallet was empty.
 Autopickup was on for '$!=+?/"' plus thrown.

Final Characteristics:
 Your strength was 14 (limit:18/100).
 Your dexterity was 17 (limit:18).
 Your constitution was 14 (limit:18).
 Your intelligence was 11 (limit:18).
 Your wisdom was 11 (limit:18).
 Your charisma was 9 (limit:18).

Final Status:
 You weren't hungry.
 You were unencumbered.
 You were wielding a short sword.
 You had basic skill with short sword.

Final Attributes:
 You were devoutly aligned.
 You were telepathic.
 You were stealthy.
 You were warded.
 You are dead.

Miscellaneous:
 You didn't encounter any bones levels.
 Total elapsed playing time was 9 minutes and 34 seconds.

Major events:
 Turn
    1: Brudee the chaotic female human Rogue entered the dungeon
 1085: entered the Gnomish Mines
 1132: attained the rank of Cutpurse (level 3)
 1430: stole 1338 zorkmids worth of merchandise from Kesh's second-hand bookstore
 1509: killed by a Kop Lieutenant

You didn't know any spells.

Skills:
 Fighting Skills
   bare handed combat [Unskilled]
   two weapon combat  [Unskilled]
   riding             [Unskilled]
 Weapon Skills
   dagger             [Basic]
   knife              [Unskilled]
   short sword        [Basic]
   broadsword         [Unskilled]
   long sword         [Unskilled]
   two-handed sword   [Unskilled]
   saber              [Unskilled]
   club               [Unskilled]
   mace               [Unskilled]
   morning star       [Unskilled]
   flail              [Unskilled]
   hammer             [Unskilled]
   polearms           [Unskilled]
   spear              [Unskilled]
   crossbow           [Unskilled]
   dart               [Unskilled]
   shuriken           [Unskilled]
 Spellcasting Skills
   divination spells  [Unskilled]
   escape spells      [Unskilled]
   matter spells      [Unskilled]

Voluntary challenges:
 Character rerolling was not enabled.
 You were an atheist.
 You never genocided any monsters.
 You never polymorphed an object.
 You never changed form.
 You used no wishes.
Achievements:
 You entered the Gnomish Mines.
 You attained the rank of Cutpurse.
 You entered a shop.

 The Dungeons of Doom: levels 1 to 4
    Level 1:
       Some fountains.
    Level 2:
       A fountain.
    Level 3:
    Level 4: <- You were here.
       A scroll shop, a fountain.
       Stairs down to The Gnomish Mines.
       Final resting place for
          you, killed by a Kop Lieutenant.
 The Gnomish Mines:
    Level 5:


Vanquished creatures:
  a floating eye
  3 Kop Sergeants
  a hobgoblin
  a green mold
  8 Keystone Kops
  a gecko
  2 jackals
  a fox
  a kobold
  2 goblins
  2 grid bugs
  5 lichens
  4 newts
32 creatures vanquished.

No species were genocided or became extinct.

Game over:
                       ----------
                      /          \
                     /    REST    \
                    /      IN      \
                   /     PEACE      \
                  /                  \
                  |      Brudee      |
                  |       0 Au       |
                  | killed by a Kop  |
                  |    Lieutenant    |
                  |                  |
                  |                  |
                  |       2026       |
                 *|     *  *  *      | *
        _________)/\\_//(\/(/\)/\//\/|_)_______

Goodbye Brudee the Rogue...

You died in The Dungeons of Doom on dungeon level 4 with 502 points,
and 0 pieces of gold, after 1509 moves.
You were level 3 with a maximum of 25 hit points when you died.

